 Dungeon Crawl Stone Soup version 0.23.2-1-ga50397a6bc (webtiles) character file.

Game seed: 12256720901858022202

435 Mrkan the Ruffian (level 6, 0/59 HPs)
             Began as a Troll Berserker on May 24, 2019.
             Was a Priest of Trog.
             Slain by Sigmund
             ... wielding a +0 scythe
              (2 damage)
             ... on level 3 of the Dungeon.
             The game lasted 00:04:36 (2273 turns).

Mrkan the Ruffian (Troll Berserker)                 Turns: 2273, Time: 00:04:37

Health: 0/59       AC:  6    Str: 26    XL:     6   Next: 68%
Magic:  5/5        EV: 11    Int:  4    God:    Trog [***...]
Gold:   186        SH: 13    Dex: 15    Spells: 5/5 levels left

rFire    . . .     SeeInvis .     - Unarmed
rCold    . . .     Gourm    +   p - +0 large shield
rNeg     . . .     Faith    .   a - +0 animal skin
rPois    .         Spirit   .   (helmet restricted)
rElec    .         Reflect  .   (no cloak)
rCorr    .         Harm     .   (gloves unavailable)
MR       .....                  (boots unavailable)
Stlth    ++........             (no amulet)
HPRegen  0.59/turn              (no ring)
MPRegen  0.09/turn              (no ring)

@: agile
A: large, unfitting armour, claws 3, fast metabolism 3, gourmand, regeneration
1, shaggy fur 1, tough skin 3
a: Berserk, Trog's Hand, Renounce Religion


You were on level 3 of the Dungeon.
You worshipped Trog.
Trog was most pleased with you.
You were full.

You visited 1 branch of the dungeon, and saw 3 of its levels.

You collected 186 gold pieces.

Inventory:

Armour
 a - a +0 animal skin (worn)
 p - a +0 large shield (worn)
Magical Staves
 m - a cursed staff of poison {unknown}
Jewellery
 c - an uncursed amulet of guardian spirit {unknown}
 n - a cursed amulet of inaccuracy {unknown}
Scrolls
 f - 2 scrolls of teleportation {unknown}
 g - 2 scrolls of random uselessness {unknown}
 h - 2 scrolls of remove curse {unknown}
 i - a scroll of enchant armour {unknown}
 k - 2 scrolls of blinking {unknown}
 o - a scroll of enchant weapon {unknown}
Potions
 d - a potion of agility
 e - a potion of mutation {unknown}
 j - 2 potions of flight {unknown}
 l - a potion of might {unknown}
Comestibles
 b - 8 rations


   Skills:
 - Level 2.4 Fighting
 - Level 2.4 Dodging
 * Level 7.6 Unarmed Combat


You had 5 spell levels left.
You didn't know any spells.
Your spell library was empty.

Dungeon Overview and Level Annotations

Branches:
Dungeon (3/15)

Altars:
Uskayaw

Annotations:
D:3 Sigmund


Innate Abilities, Weirdness & Mutations

You are too large for most types of armour.
You have claws for hands.
Your metabolism is lightning-fast.
You like to eat raw meat.
Your natural rate of healing is unusually fast.
You are covered in fur. (AC +1)
You have extremely tough skin. (AC +3)


Message History

There is a stone staircase leading down here.
You claw something! Something hits you!
You scratch something. Something hits you!
You scratch something but do no damage. You barely miss something.
Something hits you!
You barely miss something. You block something's attack.
Your shield prevents you from hitting something.
Something hits you but does no damage.
You closely miss something. You miss something. Something hits you!
You completely miss something. Something hits you.
You closely miss something. You closely miss something. Something hits you!
* * * LOW HITPOINT WARNING * * *
You scratch something but do no damage. Something hits you!
* * * LOW HITPOINT WARNING * * *
It was a potion of agility.
You feel agile all of a sudden. Something hits you.
You die...

......###########.#
.####.# #.# .# #.#
#.# .# #.# #.# ##
#.# #.# # #.# #.# #
#.### ##.# # #...#
#>.# # ###.# #@## #
#.# #{# # #.# #.# #
#.# #.# #
#.########.# #
#..........# #
#..######### # #..#
#######..#


There were no monsters in sight!

Vanquished Creatures
  Grinder (D:3)
  A hound (D:2)
  An orc wizard (D:2)
  A worker ant (D:3)
  4 adders
  3 worms
  5 leopard geckos
  11 orcs
  5 bats
  3 giant cockroaches
  12 goblins
  8 hobgoblins
  3 jackals (D:2)
  12 kobolds
  2 quokkas
  A ball python (D:2)
  7 frilled lizards
  14 rats
94 creatures vanquished.

Notes
Turn   | Place    | Note
-------+----------+-------------------------------------------
     0 | D:1      | Mrkan the Troll Berserker began the quest for the Orb.
     0 | D:1      | Reached XP level 1. HP: 22/22 MP: 0/0
   119 | D:1      | Reached XP level 2. HP: 29/29 MP: 1/1
   327 | D:1      | Reached skill level 4 in Unarmed Combat
   542 | D:1      | Reached ** piety under Trog
   542 | D:1      | Reached XP level 3. HP: 32/36 MP: 2/2
   851 | D:2      | Reached skill level 5 in Unarmed Combat
   851 | D:2      | Reached XP level 4. HP: 43/44 MP: 3/3
  1128 | D:2      | Reached XP level 5. HP: 47/50 MP: 4/4
  1262 | D:2      | Reached *** piety under Trog
  1586 | D:3      | Reached skill level 6 in Unarmed Combat
  1867 | D:3      | Found a hide-covered altar of Uskayaw.
  2009 | D:3      | Noticed Grinder
  2020 | D:3      | Killed Grinder
  2020 | D:3      | Reached skill level 7 in Unarmed Combat
  2020 | D:3      | Reached XP level 6. HP: 32/59 MP: 5/5
  2256 | D:3      | Noticed Sigmund
  2272 | D:3      | HP: 2/59 [something (15)]
  2273 | D:3      | Slain by Sigmund

Skill      XL: |  1  2  3  4  5 |
---------------+----------------+-----
Unarmed Combat | 4 5 7 |  7.6
Fighting       | |  2.4
Dodging        | |  2.4

Action                   |  1- 3 |  4- 6 || total
-------------------------+-------+-------++-------
Melee: Unarmed           |    95 |   166 ||   261
       Punch             |       |     1 ||     1
  Use: Potion            |       |     1 ||     1
  Eat: Chunk             |    13 |    10 ||    23
Armor: Animal skin       |    28 |    51 ||    79
Dodge: Dodged            |    42 |    59 ||   101
Block: Large shield      |       |    24 ||    24
